Map: [ESL] Dragon Scales

Players

Wayne - Winner!

  • Race: Zerg Zerg
  • Spawn Location: 5:00

Clem

  • Race: Terran Terran
  • Spawn Location: 11:00

Event: ESL SC2 Masters 2023 Summer (Regionals)

VOD

Have the link to the VOD?

Description

Time

  • Played on: May 17, 2023, 12:25 p.m.
  • Length: 14:28

All games in this series

Show
View Real Time Build Order
Export as new Build Order

Wayne Zerg - Winner!

Build Orders: Hatch First 

Get SALT Encoding   

  12  0:00  Drone  
  13  0:12  Overlord  
  13  0:16  Drone  
  14  0:30  Drone x2  
  16  0:47  Hatchery  
  15  0:50  Drone  
  15  0:53  Drone  
  15  0:56  Drone  
  18  1:07  Extractor  
  17  1:12  Spawning Pool  
  17  1:15  Drone  
  18  1:18  Drone  
  18  1:28  Drone  
  19  1:38  Drone  
  20  1:49  Drone  
  21  1:59  Queen x2  
  21  2:00  Zergling x4  
  27  2:12  Overlord  
  27  2:13  Drone  
  28  2:21  Hatchery  
  27  2:24  Drone  
  28  2:33  Drone x2  
  29  2:37  Spore Crawler  
  29  2:40  Queen  
  29  2:41  Drone  
  32  2:48  Overlord  
  32  2:49  Metabolic Boost  
  32  2:52  Drone  
  32  2:54  Drone  
  32  2:56  Drone  
  35  3:04  Drone  
  36  3:07  Queen  
  36  3:09  Drone x2  
  36  3:11  Drone  
  41  3:15  Overlord  
  43  3:20  Drone x2  
  43  3:28  Zergling x2  
  43  3:33  Queen x2  
  48  3:35  Drone x2  
  50  3:42  Drone  
  50  3:45  Drone  
  50  3:46  Overlord  
  52  3:49  Drone x3  
  55  3:55  Overlord  
  55  3:57  Zergling x2  
  55  3:58  Drone x2  
  58  4:04  Overlord  
  58  4:09  Queen  
  61  4:10  Zergling x4  
  61  4:17  Drone  
  61  4:18  Drone x6  
  61  4:23  Lair  
  68  4:31  Drone  
  69  4:32  Spore Crawler, Baneling Nest  
  69  4:33  Spore Crawler  
  69  4:34  Drone, Spore Crawler  
  66  4:42  Drone x6  
  72  4:48  Extractor  
  72  4:49  Extractor  
  70  4:53  Drone x3  
  70  4:55  Drone x5  
  70  4:57  Extractor  
  70  4:59  Zergling x6  
  80  5:10  Overlord  
  80  5:13  Extractor  
  80  5:14  Extractor, Zergling x6  
  82  5:18  Overlord  
  81  5:24  Drone  
  81  5:25  Spire  
  81  5:27  Drone  
  82  5:29  Drone  
  82  5:30  Drone x3  
  82  5:33  Drone x2  
  88  5:37  Centrifugal Hooks  
  88  5:39  Drone  
  88  5:40  Drone  
  88  5:41  Hatchery  
  89  5:49  Drone x4  
  93  5:53  Overlord  
  93  5:54  Zergling x2  
  93  5:55  Zergling x8  
  98  6:01  Evolution Chamber  
  98  6:03  Evolution Chamber  
  96  6:09  Drone x3  
  96  6:10  Overlord  
  97  6:14  Drone  
  97  6:21  Overlord  
  97  6:30  Zerg Ground Armor Level 1, Zerg Melee Weapons Level 1  
  97  6:32  Overseer  
  97  6:33  Drone x5  
  102  6:40  Hatchery  
  102  6:41  Mutalisk x5  
  102  6:47  Mutalisk x3  
  111  6:49  Zergling x2  
  117  6:56  Overlord, Zergling x6  
  117  6:57  Zergling x4  
  117  6:59  Baneling  
  117  7:00  Baneling x5  
  120  7:04  Zergling x8  
  120  7:07  Zergling x6  
  120  7:11  Zergling x4  
  120  7:12  Zergling x6  
  119  7:18  Zergling x12  
  122  7:23  Mutalisk x2  
  120  7:33  Overlord  
  120  7:34  Zergling x12  
  120  7:37  Baneling x7  
  122  7:43  Drone x2  
  122  7:44  Overlord  
  124  7:47  Drone  
  124  7:49  Drone  
  124  7:50  Queen  
  128  7:53  Extractor  
  128  7:55  Hatchery  
  128  7:56  Drone x4  
  130  8:02  Overlord  
  130  8:03  Zerg Flyer Weapons Level 1  
  130  8:04  Drone  
  131  8:06  Drone x5, Infestation Pit  
  131  8:09  Baneling x2  
  131  8:10  Baneling x3  
  135  8:14  Drone x3  
  135  8:18  Zergling x8  
  142  8:22  Zergling x6  
  142  8:25  Baneling x5  
  144  8:27  Mutalisk x3  
  144  8:32  Zerg Melee Weapons Level 2  
  148  8:35  Zerg Ground Armor Level 2  
  148  8:37  Baneling x4  
  148  8:38  Baneling  
  148  8:42  Drone  
  148  8:43  Overlord  
  148  8:44  Extractor  
  148  8:45  Zergling x6  
  148  8:46  Zergling x6  
  154  8:49  Hive  
  154  8:54  Zergling x10  
  159  8:58  Zergling x2  
  159  8:59  Zergling x10  
  159  9:02  Overlord  
  165  9:06  Mutalisk x3  
  171  9:11  Zergling x2  
  171  9:12  Zergling x10  
  171  9:15  Baneling x6  
  172  9:24  Mutalisk x3  
  172  9:26  Zergling x2  
  172  9:27  Zergling x10  
  184  9:39  Zergling x10  
  184  9:41  Baneling x7  
  187  9:46  Overlord x3  
  187  9:52  Hatchery  
  164  10:02  Zergling x2  
  164  10:03  Zergling x22  
  164  10:05  Zergling x20  
  150  10:11  Zergling x12  
  145  10:15  Adrenal Glands  
  145  10:19  Zergling x10  
  144  10:22  Baneling x8  
  144  10:23  Baneling x2  
  144  10:27  Zergling x8  
  144  10:28  Overseer  
  148  10:29  Baneling x3  
  148  10:32  Mutalisk  
  148  10:33  Mutalisk  
  152  10:40  Drone  
  152  10:42  Ultralisk Cavern  
  151  10:44  Zergling x18  
  158  10:50  Zerg Melee Weapons Level 3  
  158  10:54  Drone x6  
  164  10:59  Zerg Ground Armor Level 3  
  164  11:03  Overlord  
  164  11:06  Zergling x10  
  164  11:10  Baneling x4  
  169  11:15  Zergling x2  
  169  11:16  Zergling x12  
  176  11:20  Baneling x12  
  176  11:22  Overseer  
  163  11:36  Zergling x18  
  161  11:43  Zergling x22  
  161  11:46  Chitinous Plating  
  163  11:56  Ultralisk x2  
  155  12:06  Ultralisk x2  
  155  12:07  Zergling x2  
  155  12:08  Zergling x10  
  173  12:15  Ultralisk  
  179  12:17  Baneling x4  
  179  12:21  Baneling x9  
  178  12:26  Zergling x12  
  151  12:46  Zergling x36  
  166  12:52  Ultralisk x2  
  166  12:57  Overseer x2  
  178  13:01  Zergling x16  
  178  13:05  Anabolic Synthesis  
  186  13:09  Zergling x20  
  186  13:12  Overseer  
  185  13:18  Zergling x16  
  186  13:23  Zergling x2  
  186  13:24  Zergling x10  
  177  13:31  Zergling x16  
  174  13:35  Zergling x4  
  174  13:36  Zergling x6  
  174  13:39  Zergling x6  
  174  13:40  Zergling x2  
  174  13:46  Infestor  
  174  13:48  Infestor  
  175  13:49  Zergling x10  
  153  14:00  Zergling x20  
  157  14:03  Zergling x4  
Show
View Real Time Build Order
Export as new Build Order

Clem Terran 

Build Orders: Reaper Expand, Hellion Banshee 

Get SALT Encoding   

  12  0:00  SCV  
  13  0:12  SCV  
  14  0:17  Supply Depot  
  14  0:24  SCV  
  15  0:38  Barracks, SCV  
  16  0:43  Refinery  
  16  0:50  SCV  
  17  1:02  SCV  
  18  1:14  SCV  
  19  1:26  Orbital Command, Reaper  
  20  1:38  Command Center  
  20  1:46  Supply Depot  
  20  1:52  SCV  
  21  1:58  Marine  
  22  2:04  SCV  
  23  2:10  Factory  
  23  2:16  SCV, Refinery  
  23  2:20  Barracks Reactor  
  24  2:28  SCV  
  25  2:40  SCV  
  26  2:50  Orbital Command  
  26  2:52  SCV  
  26  2:57  Starport  
  27  3:02  Hellion x2  
  27  3:04  SCV  
  32  3:08  Barracks Tech Lab  
  32  3:15  Supply Depot  
  32  3:16  SCV  
  32  3:17  SCV  
  34  3:23  Hellion x2  
  38  3:28  SCV  
  38  3:29  SCV  
  40  3:39  Supply Depot  
  40  3:40  Cloaking Field, SCV, Banshee  
  40  3:41  SCV  
  45  3:47  Hellion  
  45  3:48  Hellion  
  49  3:52  SCV  
  49  3:53  SCV, Barracks Tech Lab  
  51  4:02  Supply Depot  
  51  4:04  SCV  
  51  4:05  SCV  
  53  4:16  SCV  
  54  4:17  Stimpack, SCV  
  55  4:25  Banshee, Command Center  
  55  4:27  Marine  
  55  4:28  SCV  
  55  4:30  Factory Reactor  
  60  4:32  SCV  
  60  4:35  Barracks  
  61  4:38  Barracks  
  61  4:42  Supply Depot  
  61  4:44  SCV  
  62  4:46  Marine  
  62  4:49  Supply Depot  
  62  4:50  SCV  
  64  4:54  Engineering Bay  
  64  4:58  SCV  
  64  4:59  Engineering Bay  
  65  5:02  SCV  
  65  5:04  Marine  
  67  5:14  SCV  
  67  5:15  SCV  
  67  5:16  Refinery x2  
  67  5:17  Siege Tank  
  67  5:21  Starport Reactor  
  72  5:22  Supply Depot  
  72  5:24  Marine  
  72  5:25  Marine x2  
  72  5:26  SCV  
  72  5:27  Terran Infantry Weapons Level 1  
  76  5:29  SCV  
  76  5:31  Terran Infantry Armor Level 1  
  76  5:32  Marine  
  78  5:37  Marine, Supply Depot  
  78  5:41  Orbital Command  
  78  5:42  Marine, SCV  
  81  5:44  SCV  
  81  5:46  Marine x2  
  84  5:55  SCV, Marine x2  
  84  5:56  SCV  
  88  5:57  Combat Shield  
  88  5:58  Supply Depot  
  88  6:01  Medivac  
  88  6:03  Medivac  
  92  6:07  SCV, Marine  
  92  6:08  Orbital Command  
  94  6:11  SCV  
  94  6:13  Marine  
  94  6:15  Supply Depot  
  94  6:17  Siege Tank  
  99  6:19  Marine, SCV  
  99  6:20  Marine x2  
  99  6:24  Barracks  
  103  6:27  Barracks  
  103  6:29  SCV  
  103  6:31  SCV  
  105  6:34  SCV  
  105  6:37  Supply Depot  
  106  6:41  SCV  
  106  6:43  Marine  
  106  6:44  SCV, Armory  
  106  6:46  SCV  
  110  6:48  Marine x4  
  110  6:52  Supply Depot  
  113  6:54  SCV  
  113  6:56  SCV  
  113  6:58  Siege Tank  
  113  6:59  SCV  
  113  7:01  Marine  
  117  7:05  Medivac  
  117  7:06  Marine, Medivac  
  117  7:07  Marine x2  
  117  7:08  SCV  
  126  7:11  Barracks Reactor  
  126  7:12  Supply Depot  
  118  7:16  Barracks Reactor  
  118  7:20  Marine x2, Missile Turret x2  
  118  7:21  Missile Turret  
  116  7:23  SCV x2  
  116  7:24  Marine  
  116  7:28  Marine x2  
  109  7:34  Factory  
  109  7:35  Medivac, Refinery  
  111  7:37  SCV x2  
  111  7:38  SCV, Marine x2  
  111  7:41  Marine  
  111  7:42  Medivac  
  117  7:44  Siege Tank  
  117  7:45  Marine x2  
  122  7:51  Marine x2  
  122  7:54  Marine x2  
  122  7:56  Marine x2  
  128  7:59  Marine  
  128  8:00  Command Center  
  128  8:03  Terran Infantry Weapons Level 2  
  128  8:05  Marine x2  
  130  8:09  Marine x2  
  130  8:11  Marine x2  
  134  8:14  Marine x2  
  134  8:15  Terran Infantry Armor Level 2  
  134  8:17  Marine  
  137  8:22  Factory Reactor  
  137  8:23  Marine  
  137  8:24  Marine, Supply Depot  
  139  8:27  Marine x2, Refinery  
  139  8:28  Supply Depot  
  139  8:29  Marine x2, Supply Depot  
  139  8:30  Supply Depot  
  139  8:31  Marine  
  139  8:32  Drilling Claws  
  139  8:33  Widow Mine  
  146  8:34  Marine  
  146  8:37  Supply Depot  
  146  8:38  SCV x3  
  150  8:43  Marine x3  
  150  8:44  Missile Turret  
  150  8:45  Marine x2  
  150  8:47  Marine x2  
  157  8:53  Missile Turret  
  157  8:58  Marine x2  
  157  8:59  Thor  
  157  9:00  Widow Mine  
  157  9:01  Marine x3  
  157  9:02  Widow Mine  
  172  9:06  Supply Depot x2  
  172  9:08  Terran Vehicle And Ship Armor Level 1  
  172  9:09  Marine  
  173  9:10  Marine x2  
  173  9:14  SCV  
  173  9:15  SCV x2  
  178  9:20  Missile Turret  
  178  9:24  Widow Mine, Marine x3  
  168  9:25  Marine x3, Medivac  
  168  9:26  SCV  
  168  9:27  SCV  
  168  9:28  Marine x2  
  168  9:30  Marine  
  180  9:33  Widow Mine  
  180  9:34  Planetary Fortress  
  182  9:38  Missile Turret  
  182  9:42  Marine x3  
  182  9:44  Thor  
  187  9:46  Marauder  
  187  9:47  Marine  
  187  9:48  Marine x2  
  187  9:49  Marine  
  176  10:03  Widow Mine  
  176  10:04  Marine  
  176  10:05  Marine x2  
  123  10:07  Marine  
  123  10:08  Marine  
  123  10:09  SCV x3  
  123  10:12  Marine x3  
  123  10:14  Widow Mine, Marine, SCV  
  123  10:21  SCV x3  
  123  10:22  Marine x2  
  123  10:23  Marine  
  123  10:24  Medivac x2  
  123  10:25  Marine  
  123  10:26  Marine, SCV  
  123  10:27  Terran Infantry Weapons Level 3  
  136  10:31  Widow Mine  
  136  10:33  SCV x2  
  136  10:34  Widow Mine, Marine  
  143  10:40  SCV x2, Missile Turret  
  145  10:45  SCV  
  145  10:47  Marine x4, SCV  
  145  10:49  Marine  
  151  10:50  Marine x2  
  151  10:51  Marine  
  151  10:52  Marine, SCV  
  151  10:54  Widow Mine  
  151  10:55  Widow Mine  
  161  11:00  Neosteel Armor, Sensor Tower  
  161  11:06  Thor  
  161  11:07  SCV  
  161  11:10  Marine x3  
  171  11:13  Marine x2, Marauder  
  171  11:16  Marine x2, Refinery  
  177  11:19  Marine  
  178  11:27  Marine  
  178  11:28  Marine x2  
  178  11:30  Marine, Command Center  
  178  11:31  Marine  
  180  11:32  Widow Mine  
  180  11:36  Medivac  
  180  11:37  Widow Mine  
  171  11:40  Marine x4  
  171  11:44  Medivac  
  171  11:45  Marine  
  175  11:50  Barracks  
  175  11:51  Barracks x2, Terran Vehicle And Ship Armor Level 2  
  175  11:52  Marine x2  
  175  11:54  Marine  
  163  11:56  Widow Mine  
  163  11:57  Widow Mine  
  163  11:59  SCV  
  163  12:00  SCV  
  158  12:01  SCV  
  158  12:06  Marine  
  158  12:07  Marine  
  163  12:08  Widow Mine  
  163  12:12  Marine x2, Refinery  
  163  12:13  Marine x5  
  163  12:15  Medivac  
  172  12:17  Medivac  
  172  12:21  Widow Mine x2  
  178  12:24  Marine  
  179  12:30  Widow Mine  
  179  12:32  Marine  
  179  12:33  Marine x4  
  179  12:34  Marine  
  170  12:37  Marine  
  170  12:42  Widow Mine, Marauder  
  166  12:45  Marine, Medivac  
  166  12:50  Widow Mine  
  169  12:52  Barracks Tech Lab x2  
  169  12:53  Barracks Tech Lab  
  169  12:55  Marine  
  168  13:04  Marauder  
  168  13:05  Marine  
  155  13:13  Marine x2  
  155  13:15  Marauder x2  
  155  13:16  Marine  
  155  13:18  Marauder  
  156  13:22  Marine x3  
  156  13:23  Marine  
  156  13:24  SCV  
  156  13:25  Marauder  
  149  13:33  SCV  
  135  13:36  Marauder  
  135  13:37  Marauder  
  135  13:40  Marauder  
  137  13:44  SCV x2  
  137  13:46  Widow Mine, Marauder  
  137  13:47  Widow Mine  
  139  13:50  SCV  
  139  13:52  Marine  
  139  13:54  Marine  
  139  13:55  Marine  
  118  13:58  Marauder x2, Marine x2  
  118  14:01  Marauder  
  118  14:02  Widow Mine  
  114  14:14  SCV  
Tags
 
Add a new tag
Caveats
  • Supply blocks, unpowered buildings, or Contaminate may cause inaccurate times.
  • Supply counts are checked every 10 seconds.